 Dungeon Crawl Stone Soup version 0.30-a0-702-gdf48620a09 (webtiles) character file.

Game seed: 5496808853075928713

103628 tkbsonic5 the Covert (level 15, -7/80 HPs)
             Began as a Spriggan Brigand on Jan 8, 2023.
             Was an Elder of Ashenzari.
             Killed from afar by a shock serpent (23 damage)
             ... with a bolt of electricity
             ... on level 2 of the Snake Pit on Jan 22, 2023.
             The game lasted 04:15:15 (39677 turns).

tkbsonic5 the Covert (Spriggan Brigand)            Turns: 39677, Time: 04:15:16

Health: -7/80      AC:  8    Str: 13    XL:     15   Next: 89%
Magic:  16/34      EV: 29    Int: 14    God:    Ashenzari [****..]
Gold:   304        SH:  0    Dex: 23    Spells: 8/43 levels left

rFire   + + .      SeeInvis +    r - +0 arbalest "Seer of the Bound Augur" {Comp, Fort} (curse)
rCold   . . .      Faith    .    (shield currently unavailable)
rNeg    . . .      Spirit   .    M - +3 troll leather armour
rPois   +          Reflect  .    (helmet restricted)
rElec   .          Harm     .    Q - scarf "At What Cost Knowledge?" {+Inv, Self, Bglg} (curse)
rCorr   +          Rampage  .    (gloves unavailable)
Will    ++...      Clarity  +    (boots unavailable)
Stlth   ++++++                   (no amulet)
HPRegen 1.13/turn                v - ring of Ashenzari's Portent {rPois, Comp, Fort} (curse)
MPRegen 0.24/turn                e - ring of the Lashed Oblivion {rF++ rCorr Str+6, Cun, Evo} (curse)

@: portalling projectiles, forested, very slightly contaminated, slowed, quick
A: very small, no large weapons, unfitting armour, see invisible, speed 3
a: Renounce Religion, Evoke Invisibility, Shatter the Chains


You were on level 2 of the Snake Pit.
You worshipped Ashenzari.
Ashenzari was greatly pleased with you.
You visited 4 branches of the dungeon, and saw 24 of its levels.

You collected 2311 gold pieces.
You spent 2007 gold pieces at shops.

Inventory:

Hand Weapons
 q - a +0 arbalest
 r - the cursed +0 arbalest "Seer of the Bound Augur" (weapon) {Comp, Fort}
   (You found it on level 9 of the Dungeon)

   It has a curse which improves the following skills: Companions: Summonings
   and Necromancy.
   Fortitude: Armour and Shields.
 O - a +2 sling of electrocution
Missiles
 d - 49 poisoned darts
 g - 6 atropa-tipped darts
 F - 4 silver boomerangs
 P - 2 datura-tipped darts
Armour
 c - a +2 cloak
 u - +0 acid dragon scales
 M - a +3 troll leather armour (worn)
 Q - the cursed scarf "At What Cost Knowledge?" (worn) {+Inv, Self, Bglg}
   (You found it on level 12 of the Dungeon)

   It has a curse which improves the following skills: Introspection: Fighting
   and Spellcasting.
   Beguiling: Conjurations, Hexes and Translocations.
Magical Staves
 C - a staff of death
 G - a staff of conjuration
Jewellery
 b - a +6 ring of strength
 e - the cursed ring of the Lashed Oblivion (right hand) {rF++ rCorr Str+6, Cun, Evo}
   (You bought it in a shop on level 2 of the Dungeon)

   [ring of strength]

   Str:       It affects your strength (+6).
   rF:        It greatly protects you from fire.
   rCorr:     It protects you from acid and corrosion.
   It has a curse which improves the following skills: Cunning: Dodging and
   Stealth.
   Evocations: Evocations.
 n - a +4 ring of protection
 v - the cursed ring of Ashenzari's Portent (left hand) {rPois, Comp, Fort}
   (You found it on level 3 of the Dungeon)

   [ring of poison resistance]

   rPois:     It protects you from poison.
   It has a curse which improves the following skills: Companions: Summonings
   and Necromancy.
   Fortitude: Armour and Shields.
 w - a +3 ring of dexterity
 B - a ring of resist corrosion
Wands
 f - a wand of flame (8)
 s - a wand of iceblast (7)
 N - a wand of acid (8)
Scrolls
 h - 2 scrolls of silence
 p - 4 scrolls of amnesia
 y - 11 scrolls of identify
 E - 3 scrolls of teleportation
 I - a scroll of poison
 K - 4 scrolls of magic mapping
Potions
 i - a potion of might
 k - 6 potions of flight
 o - a potion of cancellation
 H - 3 potions of ambrosia
 L - 2 potions of berserk rage
 R - 5 potions of brilliance
Miscellaneous
 m - a condenser vane (inert)


   Skills:
 * Level 8.0(10.0) Fighting
 - Level 4.3 Short Blades
 + Level 13.1 Ranged Weapons
 - Level 4.2 Throwing
 + Level 3.2(5.7) Armour
 * Level 11.3(13.2) Dodging
 * Level 14.0(15.9) Stealth
 - Level 0.1 Unarmed Combat
 + Level 12.6(14.5) Spellcasting
 - Level 1.5(2.9) Conjurations
 * Level 9.9(11.8) Hexes
 * Level 6.3(9.3) Summonings
 + Level 10.4(12.3) Translocations
 * Level 6.9 Transmutations
 - Level 1.7 Air Magic
 - Level 4.3 Earth Magic
 * Level 7.5 Poison Magic
 - Level 5.8(7.7) Evocations


You had 8 spell levels left.
You knew the following spells:

 Your Spells              Type           Power      Damage    Failure   Level
a - Summon Forest         Summ/Tloc      20%        N/A       2%          5
b - Portal Projectile     Hex/Tloc       88%        N/A       1%          3
c - Leda's Liquefaction   Hex/Erth       16%        N/A       3%          4
d - Poisonous Vapours     Pois/Air       46%        N/A       1%          2
e - Olgreb's Toxic Radia  Pois           31%        N/A       3%          4
f - Sting                 Tmut/Pois      100%       1d8       1%          1
g - Summon Mana Viper     Hex/Summ       39%        N/A       2%          5
h - Summon Ice Beast      Ice/Summ       23%        N/A       12%         4
i - Monstrous Menagerie   Summ           18%        N/A       82%         7

Your spell library contained the following spells:

 Spells                   Type           Power      Damage    Failure   Level
 Call Canine Familiar     Summ           36%        N/A       1%          3
 Yara's Violent Unravell  Hex/Tmut       18%        3d9       4%          5
 Enfeeble                 Hex            21%        N/A       45%         7
 Eringya's Noxious Bog    Tmut/Pois      15%        N/A       54%         6
 Summon Hydra             Summ           18%        N/A       82%         7


Dungeon Overview and Level Annotations

Branches:
Dungeon (15/15)            Temple (0/1) D:4            Lair (5/5) D:9
 Shoals (0/4) Lair:3        Snake (2/4) Lair:2        Slime (0/5) Lair:4
    Orc (2/2) D:10            Elf (0/3) Orc:2        Vaults (0/5) D:13
 Depths (0/4) D:15

Altars:
Ashenzari
Fedhas
Hepliaklqana
Qazlal
Trog
Vehumet
Xom
Jiyva

Shops:
D:2 =   D:10 ?   D:11 [   Orc:2 ?*[(

Annotations:
D:15 3 runed translucent doors, 100Percenter's ghost, journeyman SpAE
Lair:1 1 runed translucent door


Innate Abilities, Weirdness & Mutations

You are very small and have problems with some larger weapons.
You are too small for most types of armour.
You have supernaturally acute eyesight. (SInv)
You cover ground extremely quickly. (Speed+++)


Message History

Confirm with . or Enter, or press ? or * to list all spells.
A mana viper appears with a sibilant hiss.
The shock serpent bites your dryad but does no damage.
The shock serpent bites your dryad. The shock serpent shocks your dryad!
Your dryad calls out to the forest.
Vines fly forth from the trees!
The shock serpent bites your dryad!
Your dryad dies!
Your dryad's corpse disappears in a puff of smoke!
The forest abruptly stops moving.
The vine falls limply to the ground.
You magically shoot a bolt.
The bolt hits the shock serpent!!
The shock serpent is severely wounded.
The naga warrior spits poison at you.
The splash of poison hits your mana viper.
Your mana viper is poisoned.
The shock serpent shoots out a bolt of lightning at you!
The bolt of electricity hits you!! The bolt of electricity hits you!
You are too injured to fight recklessly!
Unknown command.
Fire: r) +0 arbalest "Seer of the Bound Augur" {Comp, Fort} (curse)
Press: ? - help, Q - select action, (/) - cycle Shift-Dir - straight line, f/p - shock serpent
Aim: a shock serpent (almost dead, very poisoned, 62% to hit)
You magically shoot a bolt.
The bolt hits the shock serpent but does no damage.
The shock serpent is almost dead.
The naga warrior hits your mana viper with a +0 hand axe!
The naga warrior closely misses your mana viper.
Your mana viper barely misses the naga warrior.
The naga warrior blocks your mana viper's attack.
Fire: r) +0 arbalest "Seer of the Bound Augur" {Comp, Fort} (curse)
Press: ? - help, Q - select action, (/) - cycle Shift-Dir - straight line, f/p - shock serpent
Aim: a shock serpent (almost dead, poisoned, 62% to hit)
You magically shoot a bolt.
The bolt hits the shock serpent but does no damage.
The shock serpent is almost dead.
The shock serpent bites you. The shock serpent shocks you!
* * * LOW HITPOINT WARNING * * *
Your mana viper bites the naga warrior.
The shock serpent shoots out a bolt of lightning at you!
The bolt of electricity hits you!!
You die...

* .##...#..###..## ,
,*#.........### ,
##........# *
.......###)##
####..## #..# * ##.
##.# ,* #.# #.#♣ *
,.# ##.#* ##(♣♣♣.#
,..#####...###
#@...♣*
,...........###S./##
#...........♣...#
#....#........## ,
##..........SN#♣
###....<........#
......S...#..§§§.
,.............#§§#
###.......####. * ,


You could see a naga warrior (catching breath, ally target), a shock serpent
(poisoned) and a friendly mana viper (summoned, poisoned).

Vanquished Creatures
  Rupert (Snake:1)
  A sphinx (D:11)
  A stone giant (D:11)
  A dire elephant (D:15)
  An ettin (D:11)
  A vault guard (D:13)
  Harold (D:11)
  2 hydras
  2 catoblepae
  5 centaur warriors
  An anaconda (Snake:2)
  A boulder beetle (D:13)
  A tengu warrior (D:14)
  8 two-headed ogres
  6 death yaks
  3 orc high priests (Orc:2)
  A thrashing horror (Lair:5)
  4 naga sharpshooters (Snake:1)
  A wizard (D:13)
  2 deep elf pyromancers
  3 mana vipers
  6 ugly things
  A mana viper (shapeshifter) (D:11)
  An orc sorcerer (Orc:2)
  A wolf spider (D:15)
  2 cyclopes (D:11)
  A salamander (shapeshifter) (D:15)
  2 manticores
  A salamander (Snake:1)
  2 naga magi
  9 cane toads
  2 torpor snails
  7 black mambas
  A gargoyle (D:11)
  3 smoke demons (Lair:5)
  Maggie (Lair:2)
  2 kobold demonologists
  4 rime drakes
  Psyche (D:11)
  An unseen horror (D:12)
  A yaktaur (D:13)
  2 anaconda simulacra (Snake:1)
  2 efreet (D:14)
  11 komodo dragons
  A polar bear (Lair:4)
  8 trolls
  24 blink frogs
  A slime creature (D:14)
  6 dream sheep (Lair:5)
  A shadow (D:11)
  10 wraiths
  4 wyverns
  A vampire (D:11)
  11 humans (D:13)
  55 yaks
  A steam dragon (D:8)
  4 basilisks
  8 vampire mosquitoes
  A harpy simulacrum (Snake:1)
  2 acid dragons
  6 nagas
  19 water moccasins
  Duvessa (D:5)
  16 orc warriors
  An alligator simulacrum (Snake:1)
  6 black bears
  A sky beast (D:7)
  3 ogres
  12 centaurs
  22 wolves
  9 small abominations (Lair:5)
  9 kobold brigands
  8 bullfrogs
  2 necrophages
  A scorpion (D:5)
  3 wights (D:6)
  Dowan (D:5)
  3 killer bees (D:9)
  A lindwurm simulacrum (Snake:1)
  3 howler monkeys
  2 electric eels
  2 lava snakes (D:8)
  4 hounds
  7 jellies
  2 gnoll boudas
  18 orc priests
  2 iguanas
  23 orc wizards
  A nameless horror (D:15)
  8 adders
  11 gnolls
  A shadow imp (D:7)
  A white imp (D:7)
  An ufetubus (D:6)
  3 worms
  A dart slug (D:3)
  67 orcs
  7 endoplasms
  6 giant cockroaches
  7 goblins
  7 hobgoblins
  2 jackals (D:4)
  26 kobolds
  5 quokkas
  3 ball pythons
  6 bats
  3 frilled lizards
  A rat (D:3)
  A butterfly (Lair:3)
604 creatures vanquished.

Vanquished Creatures (collateral kills)
  A hydra (D:13)
  A catoblepas (D:14)
  An ogre mage (D:11)
  A two-headed ogre (Orc:1)
  A boulder beetle (D:12)
  3 centaur warriors (D:15)
  2 tengu warriors (D:15)
  2 naga sharpshooters (Snake:1)
  2 orc high priests
  A shock serpent (Snake:1)
  A wizard (D:13)
  2 large abominations (Lair:5)
  3 deep elf pyromancers
  3 cyclopes
  An orc sorcerer (Orc:1)
  Maurice (D:11)
  3 black mambas
  A gargoyle (D:12)
  2 naga magi (Snake:1)
  An efreet (D:11)
  2 kobold demonologists (D:12)
  A komodo dragon (Lair:2)
  2 trolls (D:11)
  A meliai (D:11)
  2 blink frogs
  2 slime creatures (D:14)
  A shadow (D:11)
  2 yaks
  A wraith (D:12)
  10 humans (D:13)
  4 vampire mosquitoes
  A basilisk (Lair:2)
  2 chaos spawn (Lair:5)
  2 minotaur simulacra (Snake:1)
  A warg (Orc:2)
  4 nagas
  A water moccasin (Lair:2)
  3 orc warriors (Orc:2)
  An ogre (Orc:1)
  3 centaurs
  2 kobold brigands
  2 small abominations (Lair:5)
  A deep troll simulacrum (Snake:1)
  4 orc priests
  2 orc wizards
  11 orcs
  4 kobolds (D:12)
105 creatures vanquished.

Vanquished Creatures (others)
  A cane toad (Lair:2)
  An unseen horror (D:11)
  A blink frog (Lair:2)
  A water moccasin (Lair:2)
  A sky beast (D:8)
  A kobold (D:9)
  32 fungi
  43 plants
  3 snaplasher vines (Snake:1)
84 creatures vanquished.

Grand Total: 793 creatures vanquished

Notes
Turn   | Place    | Note
-------+----------+-------------------------------------------
     0 | D:1      | tkbsonic5 the Spriggan Brigand began the quest for the Orb.
     0 | D:1      | Reached XP level 1. HP: 10/10 MP: 2/2
   145 | D:1      | Reached skill level 6 in Stealth
   180 | D:1      | Reached XP level 2. HP: 15/15 MP: 3/3
   786 | D:2      | Reached XP level 3. HP: 18/18 MP: 4/4
  1204 | D:2      | Found Xupyveis's One-of-a-Kind Rings.
  1231 | D:2      | You fall into a shaft and drop 2 floors!
  1446 | D:3      | Reached XP level 4. HP: 23/23 MP: 5/5
  1737 | D:3      | Reached skill level 1 in Evocations
  2100 | D:4      | Noticed a kobold brigand
  2108 | D:4      | Killed a kobold brigand
  2109 | D:4      | Reached skill level 1 in Ranged Weapons
  2109 | D:4      | Reached XP level 5. HP: 27/27 MP: 6/6
  2446 | D:4      | Reached XP level 6. HP: 32/32 MP: 7/7
  2511 | D:4      | Found a radiant altar of Vehumet.
  2511 | D:4      | Found a broken altar of Ashenzari.
  2516 | D:4      | Became a worshipper of Ashenzari the Shackled
  2551 | D:4      | Found a staircase to the Ecumenical Temple.
  2555 | D:4      | Found a bloodstained altar of Trog.
  2578 | D:4      | Identified a scroll of acquirement
  2579 | D:4      | Acquired a +4 rapier of draining
  2777 | D:4      | Identified the +1 chain mail of the Lonely Ultimatums
                  | {Str+4 Dex+4}
  2863 | D:4      | Reached skill level 7 in Stealth
  2878 | D:4      | Learned a level 3 spell: Call Canine Familiar
  3024 | D:5      | Entered Level 5 of the Dungeon
  3117 | D:5      | Identified the ring of Dateowum {Fire rElec Will++ Int-2}
  3228 | D:5      | Reached skill level 1 in Spellcasting
  3228 | D:5      | Reached XP level 7. HP: 36/36 MP: 9/9
  3353 | D:5      | Noticed Duvessa
  3355 | D:5      | Killed Duvessa
  3356 | D:5      | Noticed Dowan
  3379 | D:5      | Reached skill level 1 in Summonings
  3447 | D:5      | Killed Dowan
  3573 | D:5      | Reached XP level 8. HP: 41/41 MP: 13/13
  3788 | D:5      | Found a hazy altar of Hepliaklqana.
  3858 | D:5      | Reached * piety under Ashenzari
  3859 | D:5      | Reached skill level 10 in Ranged Weapons
  3859 | D:5      | Reached XP level 9. HP: 45/45 MP: 13/23
  3864 | D:5      | Learned a level 3 spell: Portal Projectile
  4182 | D:6      | Reached skill level 1 in Translocations
  4661 | D:6      | Reached ** piety under Ashenzari
  4852 | D:6      | Reached skill level 5 in Dodging
  4852 | D:6      | Reached skill level 1 in Hexes
  5080 | D:7      | Learned a level 4 spell: Leda's Liquefaction
  5517 | D:7      | Reached skill level 8 in Stealth
  5620 | D:7      | Reached *** piety under Ashenzari
  5631 | D:7      | Learned a level 2 spell: Poisonous Vapours
  5850 | D:8      | Reached skill level 5 in Evocations
  6068 | D:8      | Reached XP level 10. HP: 44/49 MP: 24/24
  6562 | D:8      | Noticed a two-headed ogre
  6583 | D:8      | Killed a two-headed ogre
  6584 | D:8      | Reached skill level 1 in Earth Magic
  7202 | D:8      | Reached **** piety under Ashenzari
  7219 | D:9      | Noticed a two-headed ogre
  7227 | D:9      | Noticed a two-headed ogre
  7244 | D:9      | Noticed a two-headed ogre
  7262 | D:9      | Killed a two-headed ogre
  7264 | D:9      | Killed a two-headed ogre
  7265 | D:9      | Reached skill level 1 in Air Magic
  7288 | D:9      | Killed a two-headed ogre
  7289 | D:9      | Reached skill level 1 in Poison Magic
  7502 | D:9      | Reached skill level 1 in Conjurations
  7649 | D:9      | Reached XP level 11. HP: 54/54 MP: 8/25
  7652 | D:9      | Identified the cursed scarf "Shattered Entitlement"
                  | {shadows, Fort, Range} (You found it on level 5 of the
                  | Dungeon)
  7652 | D:9      | Identified the cursed +2 robe of the Sublime Dismay {Bglg,
                  | Range}
  7991 | D:8      | Upgraded the game from 0.30-a0-605-gb2882149bf to
                  | 0.30-a0-632-g346586fe48
  8018 | D:9      | Noticed a two-headed ogre
  8176 | D:8      | Learned a level 4 spell: Olgreb's Toxic Radiance
  8185 | D:9      | Noticed a two-headed ogre
  8195 | D:9      | Killed a two-headed ogre
  8711 | D:9      | Killed a two-headed ogre
  8828 | D:9      | Found a stormy altar of Qazlal.
  8853 | D:9      | Noticed a two-headed ogre
  8874 | D:9      | Killed a two-headed ogre
  8875 | D:9      | Reached skill level 10 in Spellcasting
  9753 | D:9      | Found a staircase to the Lair.
  9802 | D:10     | Entered Level 10 of the Dungeon
 10530 | D:10     | Reached skill level 5 in Translocations
 10709 | D:10     | Found a staircase to the Orcish Mines.
 11087 | D:10     | Found Gudy's Magic Scroll Boutique.
 11093 | D:10     | Bought a scroll of blinking for 97 gold pieces
 11093 | D:10     | Bought a scroll of fear for 52 gold pieces
 11093 | D:10     | Bought a scroll of fear for 52 gold pieces
 11093 | D:10     | Bought a scroll of blinking for 97 gold pieces
 11093 | D:10     | Bought 2 scrolls of identify for 52 gold pieces
 11093 | D:10     | Bought a scroll of identify for 26 gold pieces
 11093 | D:10     | Bought a scroll of amnesia for 52 gold pieces
 11095 | D:10     | Learned a level 1 spell: Sting
 11695 | D:11     | Found Domiwnal's Armour Shop.
 11716 | D:11     | Noticed Harold
 11751 | D:11     | Killed Harold
 11752 | D:11     | Reached skill level 5 in Fighting
 12547 | D:11     | Noticed Psyche
 12563 | D:11     | Killed Psyche
 13063 | D:11     | Noticed a centaur warrior
 13303 | Lair:1   | Entered Level 1 of the Lair of Beasts
 13305 | Lair:1   | Upgraded the game from 0.30-a0-632-g346586fe48 to
                  | 0.30-a0-639-g3916f1956a
 13325 | Lair:1   | Reached XP level 12. HP: 60/60 MP: 16/27
 13353 | Lair:1   | Reached skill level 5 in Hexes
 13704 | Lair:1   | Found a gate leading to a gauntlet.
 13824 | Lair:1   | Reached skill level 9 in Stealth
 14531 | Lair:1   | Reached ***** piety under Ashenzari
 14832 | Lair:1   | Found a runed translucent door.
 15263 | Lair:1   | Upgraded the game from 0.30-a0-639-g3916f1956a to
                  | 0.30-a0-652-gcc886f7154
 15828 | D:2      | Bought a +3 ring of dexterity for 120 gold pieces
 16717 | Lair:2   | Reached skill level 5 in Poison Magic
 16869 | Lair:2   | Noticed Maggie
 16883 | Lair:2   | Killed Maggie
 16889 | Lair:2   | Found a staircase to the Snake Pit.
 16932 | Lair:2   | Found a hazy altar of Hepliaklqana.
 17525 | Lair:3   | Upgraded the game from 0.30-a0-652-gcc886f7154 to
                  | 0.30-a0-702-gdf48620a09
 18375 | Lair:3   | Reached XP level 13. HP: 24/65 MP: 18/29
 18821 | Lair:3   | Reached skill level 1 in Transmutations
 18992 | Lair:3   | Found a staircase to the Shoals.
 19204 | Lair:3   | Reached skill level 10 in Stealth
 19942 | Lair:4   | Found a viscous altar of Jiyva.
 19942 | Lair:4   | Found a staircase to the Slime Pits.
 21072 | Lair:5   | Entered Level 5 of the Lair of Beasts
 22591 | Lair:5   | Learned a level 5 spell: Summon Mana Viper
 22596 | Lair:5   | Learned a level 4 spell: Summon Ice Beast
 22604 | Lair:5   | Learned a level 7 spell: Monstrous Menagerie
 23027 | Lair:5   | Reached skill level 1 in Armour
 23034 | Lair:5   | Reached skill level 11 in Stealth
 23788 | Lair:5   | Reached XP level 14. HP: 69/70 MP: 1/30
 25208 | D:11     | Noticed Maurice
 25397 | D:11     | Learned a level 5 spell: Summon Forest
 25867 | D:11     | Noticed a sphinx
 26650 | D:11     | Reached skill level 5 in Summonings
 26686 | D:11     | Noticed a stone giant
 26861 | D:11     | Killed Maurice
 26864 | D:11     | Killed a stone giant
 27231 | D:11     | Killed a sphinx
 27232 | D:11     | Reached skill level 12 in Stealth
 28591 | D:12     | Reached skill level 10 in Dodging
 30287 | D:13     | Found a gate to the Vaults.
 30893 | D:14     | Reached XP level 15. HP: 63/75 MP: 19/32
 30927 | D:14     | Identified the cursed +4 steam dragon scales of Ashenzari's
                  | Black Moon {Cun, Fort} (You found it on level 8 of the
                  | Dungeon)
 31518 | D:14     | Reached skill level 13 in Stealth
 31528 | D:14     | Reached skill level 5 in Transmutations
 32422 | D:15     | Entered Level 15 of the Dungeon
 32710 | D:15     | Found a blossoming altar of Fedhas.
 32932 | D:15     | Found a runed translucent gate.
 32933 | D:15     | Found a runed translucent gate.
 32934 | D:15     | Found a runed translucent gate.
 32938 | D:15     | Identified the +2 cloak of the Barber Surgeon {Dex+2}
 32939 | D:15     | Noticed 100Percenter's ghost (journeyman SpAE)
 33292 | D:15     | Reached skill level 10 in Translocations
 34201 | D:15     | Found a staircase to the Depths.
 34663 | Orc:1    | Entered Level 1 of the Orcish Mines
 34885 | Orc:2    | Entered Level 2 of the Orcish Mines
 34885 | Orc:2    | Found a staircase to the Elven Halls.
 35387 | Orc:2    | Found Tiyre's Antique Weapon Emporium.
 35387 | Orc:2    | Found Firubeun's Magic Scroll Shoppe.
 35387 | Orc:2    | Found Kimiyr's Antique Armour Emporium.
 35387 | Orc:2    | Found Aceczypseg's General Store.
 36355 | Orc:2    | Bought a scroll of magic mapping for 82 gold pieces
 36355 | Orc:2    | Bought a potion of heal wounds for 55 gold pieces
 36357 | Orc:2    | Bought a pair of jewelled boots for 266 gold pieces
 36357 | Orc:2    | Identified the +0 pair of boots of Wyzxol {rF+} (You bought
                  | it in a shop on level 2 of the Orcish Mines)
 36361 | Orc:2    | Bought a scroll of magic mapping for 82 gold pieces
 36361 | Orc:2    | Bought a scroll of identify for 22 gold pieces
 36361 | Orc:2    | Bought a scroll of teleportation for 33 gold pieces
 36361 | Orc:2    | Bought a scroll of enchant armour for 82 gold pieces
 36361 | Orc:2    | Bought a scroll of fear for 44 gold pieces
 36740 | Snake:1  | Entered Level 1 of the Snake Pit
 37018 | D:2      | Bought the ring of Peimimoy {rF++ rCorr Str+6} for 793 gold
                  | pieces
 37548 | Snake:1  | Noticed Rupert
 37570 | Snake:1  | Found a shimmering altar of Xom.
 37586 | Snake:1  | Killed Rupert
 38997 | Snake:1  | Reached skill level 14 in Stealth
 39677 | Snake:2  | Killed from afar by a shock serpent

Illustrated notes

Levels and vault maps discovered:
D:1:      giann_horns, layout_basic, minmay_3d_cube
D:2:      layout_loops_ring, st_stairs_14, nicolae_shop_unique_rings,
          minivault_27, grunt_decor_mini_mirrors, small_statue_intersection
D:3:      layout_rooms
D:4:      minmay_razor_zed, layout_cave_pools, mainiacjoe_overflow_alcove_1,
          nicolae_overflow_two_pavilions, minmay_temple_entry_glassed_door,
          serial_glass, glass_columns_c, glass_columns_a, glass_columns_a,
          glass_columns_a, glass_columns_a, glass_columns_a,
          minmay_strange_pillars, item_on_display_a, feat_on_display,
          item_on_display_a, kennysheep_opposing_triangles
D:5:      layout_basic, amcnicky_altar_gilded, minmay_misc_feat_secret_circle,
          uniq_duvessa
D:6:      layout_loops_ring
D:7:      layout_rooms
D:8:      layout_loops_ring, kennysheep_small_spiral,
          hangedman_abyss_or_decor_passed
D:9:      kennysheep_spiral_hall, layout_gridville, marbit_many_paths,
          erik_lair_dragon, enter_bailey_2
D:10:     layout_loops_cross, david_orc_5, serial_shops, nicolae_diamond_shop,
          kennysheep_big_empty_room, nrook_pool_corridor
D:11:     nzn_winding_woodlands_large [nzn_winding_woodlands_5x5_three,
          nzn_winding_woodlands_5x15_river_crossing,
          nzn_winding_woodlands_5x5_cross,
          nzn_winding_woodlands_center_triple_pond,
          nzn_winding_woodlands_15x15_killbox,
          nzn_winding_woodlands_center_diamonds,
          nzn_winding_woodlands_5x5_perimeter, nzn_winding_woodlands_5x15_cabin,
          nzn_winding_woodlands_5x5_default], layout_loops_ring, serial_shops,
          kennysheep_mini_moat, kennysheep_generic_room_6, uniq_psyche,
          uniq_maurice, uniq_harold
D:12:     layout_grid_maze
D:13:     layout_cave_pods, grunt_vaults_entry_tiered
D:14:     layout_irregular_city, serial_glass, glass_columns_a, glass_columns_a,
          hex_large, minmay_fractal_squares_gapless_5
D:15:     hangedman_depths_entry_try_elsewhere_first, layout_layer_cave,
          fedhas_altar_1, biasface_ghost_orc_armoury, minmay_crystal_room
Lair:1:   gammafunk_indiana_jones, layout_regular_city, gauntlet_entry_generic,
          chequers_serial_rivers_marsh, beast_lair_carwin_10
Lair:2:   layout_chaotic_city, guppyfry_snake_entry_garden, basic_altar,
          infiniplex_staircase_pool_2, uniq_maggie
Lair:3:   layout_chaotic_city, minmay_shoals_entry_centaurs, lemuel_fruit_fields
Lair:4:   layout_loops_ring, nicolae_slime_entry_slimehenge, grunt_megastairs_5
Lair:5:   hellmonk_lair_end_abyssal_woods, layout_regular_city,
          grunt_megastairs_4
Snake:1:  layout_rooms, basic_altar, portal_ice_cave_entry_ice_simulacra,
          nicolae_snake_serpentine_hallways, uniq_rupert
Snake:2:  layout_layer_cave
Orc:1:    layout_caves, serial_shops
Orc:2:    st_orc_mages, layout_diamond_mine

Skill      XL: |  1  2  3  4  5  6  7  8  9 10 11 12 13 14 15 |
---------------+----------------------------------------------+-----
Stealth        | 6 7 8 9 11 12 14 | 14.0
Dodging        | 2 3 4 5 6 7 8 10 11 | 11.3
Fighting       | 2 3 4 5 6 7 8 |  8.0
Evocations     | 2 3 5 |  5.8
Ranged Weapons | 1 2 3 10 11 12 13 | 13.1
Short Blades   | 3 4 |  4.3
Spellcasting   | 1 2 9 10 11 12 | 12.6
Summonings     | 1 2 3 4 5 6 |  6.3
Throwing       | 3 4 |  4.2
Translocations | 2 3 5 6 8 9 10 | 10.4
Hexes          | 2 3 4 5 7 8 9 |  9.9
Earth Magic    | 2 3 4 |  4.3
Air Magic      | 1 |  1.7
Poison Magic   | 1 3 5 6 7 |  7.5
Conjurations   | 1 |  1.5
Transmutations | 3 4 6 |  6.9
Armour         | 1 2 3 |  3.2
Unarmed Combat | |  0.1

Action                   |  1- 3 |  4- 6 |  7- 9 | 10-12 | 13-15 || total
-------------------------+-------+-------+-------+-------+-------++-------
Melee: Dagger            |    52 |    19 |       |       |     2 ||    73
       Spear             |     4 |       |       |       |       ||     4
       Punch             |     1 |     2 |     1 |     1 |       ||     5
       Trident           |     1 |       |       |       |       ||     1
       Short sword       |       |    24 |     6 |    22 |       ||    52
       Rapier            |       |     8 |     4 |    23 |       ||    35
       Unarmed           |       |       |       |     8 |       ||     8
 Fire: Sling             |       |   128 |   179 |   127 |       ||   434
       Shortbow          |       |       |    46 |   627 |   111 ||   784
       Arbalest          |       |       |       |     3 |   883 ||   886
Throw: Dart              |    55 |    15 |    16 |    34 |    29 ||   149
       Throwing net      |       |       |     3 |    11 |     1 ||    15
       Boomerang         |       |       |       |     1 |     4 ||     5
 Cast: Portal Projectile |       |       |     8 |    76 |   179 ||   263
       Call Canine Famil |       |       |     3 |    51 |     2 ||    56
       Poisonous Vapours |       |       |       |    51 |     3 ||    54
       Olgreb's Toxic Ra |       |       |       |    37 |    59 ||    96
       Leda's Liquefacti |       |       |       |    10 |    46 ||    56
       Sting             |       |       |       |    11 |     9 ||    20
       Summon Ice Beast  |       |       |       |       |    39 ||    39
       Summon Mana Viper |       |       |       |       |    49 ||    49
       Summon Forest     |       |       |       |       |    58 ||    58
Invok: Curse Item        |       |     1 |     3 |     4 |     5 ||    13
       Shatter the Chain |       |       |       |     3 |     6 ||     9
Evoke: Wand              |       |    12 |    28 |    27 |     8 ||    75
       Condenser vane    |       |       |       |       |     3 ||     3
  Use: Scroll            |     5 |     7 |     5 |    18 |    23 ||    58
       Potion            |       |       |     1 |    24 |    12 ||    37
 Stab: Sleeping          |     9 |     2 |       |       |       ||    11
       Confused          |       |       |       |     2 |       ||     2
Armor: Robe              |     8 |    10 |     4 |    11 |       ||    33
       Skin              |       |       |       |    23 |    27 ||    50
       Steam dragon scal |       |       |       |       |    37 ||    37
       Troll leather arm |       |       |       |       |     8 ||     8
Dodge: Dodged            |    34 |    55 |    26 |   189 |   471 ||   775

Table legend: (Time is in decaauts)
 A = Elapsed time spent in this place.
 B = Non-inter-level travel time spent in this place.
 C = Inter-level travel time spent in this place.
 D = Time resting spent in this place.
 E = Time spent auto-exploring this place.
 F = Levels seen in this place.
 G = Mean time per level.
                   A        B        C        D        E       F      G
               +--------+--------+--------+--------+--------+-----+--------+
         Total |  31964 |  30249 |   1715 |   3524 |  20628 |  24 | 1331.8 |
       Dungeon |  18742 |  17436 |   1306 |   1779 |  12066 |  15 | 1249.5 |
          Lair |   9413 |   9047 |    366 |   1264 |   6006 |   5 | 1882.6 |
     Snake Pit |   2094 |   2078 |     16 |    330 |   1314 |   2 | 1047.0 |
  Orcish Mines |   1715 |   1690 |     25 |    151 |   1241 |   2 |  857.5 |
               +--------+--------+--------+--------+--------+-----+--------+

Top non-repeatable levels by time:
    D:11: 3630 daAuts
  Lair:5: 3202 daAuts
     D:9: 2152 daAuts
 Snake:1: 1701 daAuts
  Lair:4: 1675 daAuts
  Lair:1: 1669 daAuts
    D:15: 1667 daAuts
    D:10: 1624 daAuts
  Lair:2: 1563 daAuts
    D:14: 1490 daAuts
   Orc:2: 1398 daAuts
  Lair:3: 1302 daAuts
    D:12: 1295 daAuts
     D:8: 1225 daAuts
    D:13: 1181 daAuts
